 Dungeon Crawl Stone Soup version 0.25-a0-425-g0e000e855e (webtiles) character file.

Game seed: 11847481551669907254, levelgen mode: deterministic

48 JJwallis03 the Chucker (level 3, -7/35 HPs)
             Began as a Troll Hunter on Jan 24, 2020.
             Mangled by an ogre
             ... wielding a +0 giant club
              (24 damage)
             ... on level 4 of the Dungeon.
             The game lasted 00:07:25 (653 turns).

JJwallis03 the Chucker (Troll Hunter)                Turns: 653, Time: 00:07:25

Health: -7/35      AC:  6    Str: 21    XL:     3   Next: 50%
Magic:  2/2        EV: 10    Int:  7    God:
Gold:   51         SH:  0    Dex: 10    Spells: 2/2 levels left

rFire    . . .     SeeInvis .   a - +0 short sword
rCold    . . .     Gourm    +   (no shield)
rNeg     . . .     Faith    .   b - +0 robe
rPois    .         Spirit   .   (helmet restricted)
rElec    .         Reflect  .   (no cloak)
rCorr    .         Harm     .   (gloves unavailable)
MR       .....                  (boots unavailable)
Stlth    +.........             (no amulet)
HPRegen  0.51/turn              (no ring)
MPRegen  0.08/turn              (no ring)

@: no status effects
A: large, unfitting armour, claws 3, fast metabolism 3, gourmand, regeneration
1, shaggy fur 1, tough skin 3
a: no special abilities


You were on level 4 of the Dungeon.
You were not hungry.

You visited 1 branch of the dungeon, and saw 4 of its levels.

You collected 51 gold pieces.

Inventory:

Hand Weapons
 a - a +0 short sword (weapon)
 i - a +0 club
 j - a +0 dagger
 k - a +0 spear
 m - a +0 hand axe
 n - a +0 rapier
Missiles
 c - 5 large rocks (quivered)
 d - 2 throwing nets
 h - 14 arrows
 q - 22 bolts
Armour
 b - a +0 robe (worn)
Jewellery
 e - an uncursed ring of positive energy {unknown}
 o - an uncursed ring of stealth {unknown}
Scrolls
 l - a scroll of remove curse {unknown}
 p - a scroll of noise {unknown}
Potions
 g - 2 potions of invisibility {unknown}
Comestibles
 f - a ration


   Skills:
 + Level 1.6 Fighting
 + Level 1.0 Short Blades
 * Level 0.2 Polearms
 * Level 3.9 Throwing
 * Level 0.2 Armour
 + Level 2.1 Dodging
 * Level 0.3 Stealth
 * Level 0.2 Unarmed Combat


You had 2 spell levels left.
You didn't know any spells.
Your spell library was empty.

Dungeon Overview and Level Annotations

Branches:
Dungeon (4/15)
 Temple: D:4-7

Altars:


Innate Abilities, Weirdness & Mutations

You are too large for most types of armour.
You have claws for hands.
Your metabolism is lightning-fast.
You like to eat raw meat.
Your natural rate of healing is unusually fast.
You are covered in fur. (AC +1)
You have extremely tough skin. (AC +3)


Message History

You barely miss the ogre.
The ogre is lightly wounded.
The howler monkey hits you but does no damage.
You hit the ogre.
The ogre is lightly wounded.
The ogre closely misses you.
The howler monkey hits you but does no damage.
You barely miss the ogre.
The ogre is lightly wounded.
The howler monkey hits you. The ogre barely misses you.
You barely miss the ogre.
The ogre is lightly wounded.
The howler monkey hits you but does no damage.
The ogre completely misses you. The howler monkey hits you!
You barely miss the ogre.
The ogre is lightly wounded.
The howler monkey barely misses you.
The ogre hits you with a +0 giant club!!
Ouch! That really hurt!
You die...

#............. .
#............. ..
+............. ..
#............
###'##...........
...$..........########
......!h......#......#
......O@O.?...#......#
..............#......#
..............#......#
..............#...<..#
...........>..'......#
..............#......#
########.[....#......##
#......#.......#
#......#.......#


You could see 2 ogres and a howler monkey.

Vanquished Creatures
  An adder (D:3)
  An ooze (D:1)
  2 dart slugs
  A leopard gecko (D:3)
  4 bats
  A giant cockroach (D:3)
  2 hobgoblins
  6 jackals
  A quokka (D:3)
  A ball python (D:2)
  A frilled lizard (D:3)
  2 goblins (D:1)
  4 kobolds
  3 rats
30 creatures vanquished.

Notes
Turn   | Place    | Note
-------+----------+-------------------------------------------
     0 | D:1      | JJwallis03 the Troll Hunter began the quest for the Orb.
     0 | D:1      | Reached XP level 1. HP: 19/19 MP: 0/0
   151 | D:1      | Reached XP level 2. HP: 5/27 MP: 1/1
   425 | D:3      | Reached XP level 3. HP: 35/35 MP: 2/2
   522 | D:3      | Reached skill level 1 in Short Blades
   636 | D:4      | Noticed an ogre
   648 | D:4      | Noticed an ogre
   653 | D:4      | Mangled by an ogre

Levels and vault maps discovered:
D:1:      eino_arrival_cavern_e, layout_basic, st_stairs_11, minmay_tetromino_i4
D:2:      layout_basic, kennysheep_slug_shrine, nicolae_overflow_hidden_temple
D:3:      layout_loops_ring, first_ration, minmay_liquid_box,
          minmay_misc_feat_columns, minmay_close_crescents,
          uniq_crazy_yiuf_cottage
D:4:      layout_gridville, gammafunk_temple_overflow_forgotten,
          fedhas_ov_isle_minmay

Skill      XL: |  1  2  3 |
---------------+----------+-----
Dodging        | 2 |  2.1
Short Blades   | 1 |  1.0
Fighting       | |  1.6
Polearms       | |  0.2
Throwing       | |  3.9
Armour         | |  0.2
Stealth        | |  0.3
Unarmed Combat | |  0.2

Action                   || total
-------------------------++-------
Melee: Short sword       ||   150
  Eat: Ration            ||     1
Armor: Robe              ||   151
Dodge: Dodged            ||   208

Table legend:
 A = Non-vault XP
 B = Vault XP
 C = Vault XP percentage of total XP
 D = Non-vault monster count
 E = Vault monster count
 F = Vault count percentage of total count
                 A         B        C        D         E       F
            +---------+---------+-------+---------+---------+-------
      Total |      49 |      20 |  29.0 |      25 |       5 |  16.7
            +---------+---------+-------+---------+---------+-------
        D:1 |      30 |       0 |   0.0 |      14 |       0 |   0.0
        D:2 |       9 |       0 |   0.0 |       5 |       0 |   0.0
        D:3 |      10 |      20 |  66.7 |       6 |       5 |  45.5
            +---------+---------+-------+---------+---------+-------
